 Dungeon Crawl Stone Soup version 0.16.1-4-g8e1b745 (webtiles) character file.

7431 jens the Blocker (level 10, -18/91 HPs)
             Began as a Minotaur Fighter on Mar 27, 2015.
             Was an Elder of Okawaru.
             Demolished by a hill giant
             ... wielding a +0 giant club
              (27 damage)
             ... on level 10 of the Dungeon.
             The game lasted 01:09:26 (9821 turns).

jens the Blocker (Minotaur Fighter)                 Turns: 9821, Time: 01:09:27

Health: -18/91     AC: 18    Str: 28    XL:     10   Next: 93%
Magic:  5/5        EV:  9    Int:  5    God:    Okawaru [****..]
Gold:   443        SH: 13    Dex: 11    Spells: 0 memorised, 9 levels left

rFire  . . .     SeeInvis .     a - +0 war axe
rCold  . . .     Clarity  .     Q - +0 plate armour
rNeg   . . .     SustAb   .     y - +0 shield
rPois  .         Gourm    .     (helmet restricted)
rElec  .         Spirit   .     h - +2 cloak
rCorr  .         Warding  .     P - +0 pair of gloves
rMut   .         Stasis   .     (no boots)
MR     .....                    (no amulet)
Stlth  ..........               (no ring)
                                (no ring)

@: mighty, not resistant to hostile enchantments, extremely unstealthy
A: retaliatory headbutt, horns 2
a: Heroism, Renounce Religion


You were on level 10 of the Dungeon.
You worshipped Okawaru.
Okawaru was greatly pleased with you.
You were not hungry.

You visited 2 branches of the dungeon, and saw 11 of its levels.
You also visited: Sewer.

You collected 443 gold pieces.

Inventory:

Hand weapons
 a - a +0 war axe (weapon)
 s - a +0 dagger of protection
 D - a +1 vampiric short sword
 F - a +2 morningstar
 H - a +2 spear of freezing
 K - a +0 shortbow
Missiles
 g - 5 steel javelins (quivered)
Armour
 h - a +2 cloak (worn)
 y - a +0 shield (worn)
 P - a +0 pair of gloves (worn)
 Q - a +0 plate armour (worn)
Jewellery
 w - an uncursed ring of ice
Magical devices
 r - a wand of fireball (0)
Scrolls
 b - a scroll of noise
 j - 8 scrolls of identify
 k - 7 scrolls of remove curse
 n - 2 scrolls of recharging
 p - 3 scrolls of amnesia {unknown}
 t - a scroll of teleportation {unknown}
 v - 4 scrolls of magic mapping {unknown}
 z - a scroll of random uselessness {unknown}
 C - 3 scrolls of enchant weapon {unknown}
 G - a scroll of fog {unknown}
 J - a scroll of brand weapon {unknown}
 M - a scroll of fear {unknown}
 N - 2 scrolls of immolation {unknown}
 O - a scroll of vulnerability {unknown}
 S - 2 scrolls of enchant armour {unknown}
Potions
 c - a potion of berserk rage {unknown}
 e - 2 potions of might
 l - 2 potions of curing
 m - a potion of ambrosia {unknown}
 o - 4 potions of heal wounds {unknown}
 q - 2 potions of lignification
 x - 2 potions of magic {unknown}
 A - 2 potions of brilliance {unknown}
 B - 3 potions of flight {unknown}
 E - 4 potions of agility {unknown}
Books
 L - a book of Alchemy

   Spells                             Type                      Level
   a - Sublimation of Blood           Necromancy                   2
   b - Alistair's Intoxication        Transmutation/Poison         4
   c - Condensation Shield            Ice                          4
   d - Petrify                        Transmutation/Earth          4
   e - Ignite Poison                  Fire/Transmutation           5
   f - Irradiate                      Conjuration/Transmutation    5
Comestibles
 d - 7 bread rations
 f - 11 beef jerkies
 i - 8 meat rations
 u - 8 fruits


   Skills:
 + Level 9.4 Fighting
 + Level 10.4 Axes
 + Level 9.0 Armour
 + Level 6.2 Dodging
 + Level 0.5 Stealth
 + Level 11.0 Shields
 + Level 0.6 Evocations


You had 9 spell levels left.
You didn't know any spells.

Dungeon Overview and Level Annotations

Branches:
Dungeon (10/15)            Temple (1/1) D:5
   Lair: D:8-11         Orc: D:9-12

Altars:
Ashenzari
Cheibriados
Dithmenos
Elyvilon
Fedhas
Gozag
Kikubaaqudgha
Makhleb
Nemelex Xobeh
Okawaru
Qazlal
Ru
Sif Muna
Trog
Vehumet
Xom
Yredelemnul
Zin
The Shining One


Innate Abilities, Weirdness & Mutations

You reflexively headbutt those who attack you in melee.
You have a pair of horns on your head.


Message History

You hit the adder zombie!
You destroy the adder zombie!
Okawaru accepts your kill. You block the gnoll sergeant's attack.
You block the gnoll's attack. You block the gnoll sergeant's attack.
The gnoll barely misses you.
You hit the gnoll sergeant but do no damage.
You headbutt the gnoll sergeant.
The gnoll sergeant is severely wounded.
You block the gnoll sergeant's attack.
You hit the gnoll sergeant!
You kill the gnoll sergeant!
Okawaru accepts your kill. You block the gnoll's attack.
The hill giant hits you with a giant club.
* * * LOW HITPOINT WARNING * * *
You block the gnoll's attack.
You hit the hill giant!!
The hill giant is moderately wounded.
The hill giant hits you with a giant club!!
You die...

...## #.#.... .#..#
#.#.#.... ..#.###
#.#.#....
......####........
...##...........##
.......###.......#
##..........#..#.# .#
.........##....#.###...#
##.###........gC@......#
#...........##†###......$#
[....##...g†##..# ##.....
..........)###.# ....
....####))# .# ... ...
#... .# . ##... .. ####..#
..


You could see a hill giant and a gnoll.

Vanquished Creatures
  A hill giant (D:10)
  A gargoyle (D:8)
  A troll (D:9)
  The ghost of Virusyak the Ruffian, an average TrMo (D:8)
  A hungry ghost (D:7)
  A hippogriff (D:9)
  Menkaure (D:6)
  A water moccasin (D:7)
  3 orc warriors
  4 ice beasts
  A black bear (D:6)
  12 ogres
  2 phantoms
  A wasp (D:7)
  4 sky beasts
  A necrophage (D:8)
  3 centaurs
  3 big kobolds
  A gnoll sergeant (D:10)
  6 giant frogs
  A wyvern skeleton (D:9)
  2 scorpions
  3 wights (D:7)
  14 killer bees
  A centaur zombie (D:7)
  2 quasits
  2 crimson imps
  A giant frog zombie (D:9)
  3 orc priests
  2 goliath beetles
  A lava snake (D:8)
  2 centaur skeletons
  2 giant frog skeletons
  4 jellies
  3 iguanas
  11 orc wizards
  Natasha (D:3)
  4 hounds
  4 worker ants
  13 adders
  4 gnolls (D:10)
  3 shadow imps
  A worm (D:5)
  3 giant mites
  An adder zombie (D:10)
  An adder skeleton (D:8)
  4 giant geckos
  3 oozes
  37 orcs
  7 bats
  8 giant cockroaches
  19 hobgoblins
  29 kobolds
  5 quokkas
  6 ball pythons
  5 giant newts
  13 goblins
  7 jackals
  A jackal skeleton (D:5)
  An orc zombie (D:9)
  2 quokka skeletons (D:5)
  18 rats
  3 rat zombies (D:9)
  A ballistomycete (D:10)
  A bush (D:10)
  A fungus (Sewer)
  2 plants (Sewer)
311 creatures vanquished.

Vanquished Creatures (others)
  A giant spore (D:10)
1 creature vanquished.

Grand Total: 312 creatures vanquished

Notes
Turn   | Place    | Note
--------------------------------------------------------------
     0 | D:1      | jens, the Minotaur Fighter, began the quest for the Orb.
     0 | D:1      | Reached XP level 1. HP: 19/19 MP: 1/1
   123 | D:1      | Reached skill level 4 in Armour
   236 | D:1      | Reached XP level 2. HP: 27/27 MP: 1/1
   600 | D:2      | Reached XP level 3. HP: 28/33 MP: 2/2
  1020 | D:2      | Found a radiant altar of Vehumet.
  1020 | D:2      | Found a sacrificial altar of Ru.
  1152 | D:2      | Reached XP level 4. HP: 40/40 MP: 2/2
  1656 | D:3      | Reached skill level 1 in Dodging
  1663 | D:3      | Reached XP level 5. HP: 34/47 MP: 2/2
  1861 | D:3      | Noticed Natasha
  1882 | D:3      | Killed Natasha
  1882 | D:3      | Reached skill level 5 in Shields
  2031 | D:3      | HP: 3/70 [orc wizard/magic dart (3)]
  2032 | D:3      | HP: 1/70 [orc wizard/dagger of protection (2)]
  2041 | D:3      | Reached skill level 5 in Fighting
  2041 | D:3      | Reached XP level 6. HP: 3/56 MP: 3/3
  2711 | D:4      | Reached skill level 5 in Armour
  3475 | D:4      | Found a snail-covered altar of Cheibriados.
  3485 | D:5      | Entered Level 5 of the Dungeon
  3491 | D:5      | Reached XP level 7. HP: 61/61 MP: 3/3
  3673 | D:5      | Reached skill level 6 in Shields
  3717 | D:5      | Reached skill level 5 in Axes
  4172 | D:5      | Found a staircase to the Ecumenical Temple.
  4178 | Temple   | Entered the Ecumenical Temple
  4198 | Temple   | Became a worshipper of Warmaster Okawaru
  4395 | D:5      | Reached XP level 8. HP: 51/70 MP: 3/3
  4735 | D:6      | Found a shadowy altar of Dithmenos.
  5074 | D:6      | Found a glowing drain.
  5096 | Sewer    | Entered a sewer
  5343 | Sewer    | Reached skill level 7 in Shields
  5576 | D:6      | Acquired Okawaru's first power
  5639 | D:6      | Found a glowing golden altar of the Shining One.
  5713 | D:6      | Reached XP level 9. HP: 71/79 MP: 4/4
  5942 | D:6      | Noticed Menkaure
  5943 | D:6      | Killed Menkaure
  5943 | D:6      | Reached skill level 5 in Dodging
  6129 | D:7      | Reached skill level 8 in Shields
  6470 | D:7      | Reached skill level 9 in Shields
  6695 | D:7      | Found a glowing silver altar of Zin.
  7591 | D:8      | Reached XP level 10. HP: 53/89 MP: 5/5
  7849 | D:8      | Noticed Virusyak's ghost (average TrMo)
  7857 | D:8      | Killed Virusyak's ghost
  8029 | D:8      | Noticed a gargoyle
  8035 | D:8      | Killed a gargoyle
  8182 | D:8      | Found a stormy altar of Qazlal.
  8608 | D:9      | Reached skill level 10 in Shields
  9211 | D:9      | Found an ancient bone altar of Kikubaaqudgha.
  9244 | D:9      | Reached skill level 10 in Axes
  9360 | D:9      | Found a deep blue altar of Sif Muna.
  9462 | D:10     | Entered Level 10 of the Dungeon
  9599 | D:10     | Noticed a hill giant
  9607 | D:10     | Killed a hill giant
  9671 | D:10     | Found a blossoming altar of Fedhas.
  9790 | D:10     | Noticed a hill giant
  9807 | D:10     | HP: 4/91 [killer bee (4)]
  9812 | D:10     | Reached skill level 11 in Shields
  9821 | D:10     | Demolished by a hill giant

Action                   |  1- 3 |  4- 6 |  7- 9 | 10-12 || total
-------------------------+-------+-------+-------+-------++-------
Melee: War axe           |   101 |   182 |   451 |   282 ||  1016
Evoke: Wand              |       |       |     2 |       ||     2
  Use: Scroll            |     1 |     1 |     1 |     3 ||     6
       Potion            |       |     3 |       |     2 ||     5
  Eat: Chunk             |     1 |     3 |    15 |     5 ||    24
       Bread ration      |       |     1 |       |     1 ||     2
       Fruit             |       |       |       |     1 ||     1
